[Event "Tuesday 24 April Rapid Engine Tour 12+1 Rounds 9 Starts 1600ST"]
[Site "Infinity Chess"]
[Date "2018.4.24"]
[Round "1"]
[White "mcstar"]
[Black "star99"]
[Result "1/2-1/2"]
[ECO "C43"]
[WhiteElo "2400"]
[BlackElo "2476"]
[WhiteEngine "Cryptic Heroes 9.4B"]
[BlackEngine "Cryptic Heroes 9.4B"]
[EventType "Swiss"]
[WhiteTeam ""]
[BlackTeam ""]
[PlyCount "161"]
[TimeControl "720+1"]

1. e4 e5 2. Nf3 Nf6 3. d4 Nxe4 4. Bd3 d5 5. Nxe5 Bd6 6. O-O O-O 7. c4 Bxe5 
8. dxe5 Nc6 9. cxd5 Qxd5 10. Qc2 Nd4 11. Bxe4 Nxc2 12. Bxd5 Bf5 13. g4 Bxg4 
14. Be4 Nxa1 15. Bf4 f5 16. Bd5+ Kh8 17. Rc1 c6 18. Bg2 Rfd8 19. Nd2 h6 
20. h4 Rd4 21. Be3 Rb4 22. b3 Nxb3 23. Nxb3 Re8 24. f4 Ra4 25. Rc2 g5 
26. hxg5 hxg5 27. fxg5 f4 28. Bd4 Kg8 29. Bc3 Rd8 30. Kf2 Bf5 31. Rb2 Rc4 
32. Be1 b6 33. Nd2 Rc5 34. Nf3 Rc4 35. a3 Be6 36. Nd2 Rc3 37. Ne4 Rxa3 
38. Bb4 Ra1 39. Bd2 Kg7 40. Nf6 Kg6 41. Bxf4 Ra4 42. Be3 Ra5 43. Be4+ Bf5 
44. Bxc6 Rxe5 45. Bf3 Bc8 46. Be4+ Bf5 47. Bf3 Bc8 48. Bf4 Rxg5 49. Bxg5 Kxg5 
50. Ne4+ Kg6 51. Nc3 Be6 52. Nb5 Rd7 53. Be4+ Bf5 54. Bc6 Re7 55. Bf3 Kf6 
56. Nc3 Be6 57. Kg3 Ke5 58. Rb4 Kd6 59. Kf2 Bc8 60. Rb2 Bb7 61. Bxb7 Rxb7 
62. Nb1 Rf7+ 63. Ke3 Re7+ 64. Kd3 Rd7 65. Kc2 b5 66. Nd2 Kc6 67. Nf3 Kd6 
68. Kd3 Kc5+ 69. Kc2 Kb6 70. Rb4 Rc7+ 71. Kb3 Rf7 72. Ne5 Rc7 73. Nd3 Rd7 
74. Nf4 a5 75. Re4 Kb7 76. Kc3 a4 77. Kb4 a3 78. Kxa3 Rc7 79. Re5 Ka6 
80. Nd5 Rc4 81. Re8 1/2-1/2

[Event "Tuesday 24 April Rapid Engine Tour 12+1 Rounds 9 Starts 1600ST"]
[Site "Infinity Chess"]
[Date "2018.4.24"]
[Round "1"]
[White "Thinker"]
[Black "stormbreaker990"]
[Result "1/2-1/2"]
[ECO "C55"]
[WhiteElo "2483"]
[BlackElo "2400"]
[WhiteEngine "BrainFish_180418_x64_modern_CTG"]
[BlackEngine "Cryptic Heroes 9.4B"]
[EventType "Swiss"]
[WhiteTeam ""]
[BlackTeam ""]
[PlyCount "111"]
[TimeControl "720+1"]

1. e4 e5 2. Nf3 Nc6 3. Bc4 Nf6 4. d3 Be7 5. O-O O-O 6. Re1 d6 7. a4 Be6 
8. Bxe6 fxe6 9. c3 a5 10. Na3 Qd7 11. Nb5 Rae8 12. h3 h6 13. Be3 Rf7 
14. Qe2 Ref8 15. Rad1 Nh7 16. Kh1 Rxf3 17. gxf3 Ng5 18. Bxg5 Bxg5 19. Rg1 Ne7 
20. f4 Rxf4 21. Rg4 Ng6 22. Rxf4 Nxf4 23. Qg4 c6 24. Na3 d5 25. Nc2 c5 
26. b3 dxe4 27. dxe4 Qc6 28. Ne3 Qxe4+ 29. Ng2 c4 30. bxc4 Qc6 31. Kh2 Nxg2 
32. Qxg2 Qxa4 33. Rd6 Qc2 34. Rxe6 a4 35. Kg1 a3 36. Qxb7 a2 37. Qa8+ Kh7 
38. Ra6 Qb1+ 39. Kg2 Bf4 40. Rxa2 Qg6+ 41. Kf1 Qb1+ 42. Ke2 e4 43. Qa5 Qd3+ 
44. Ke1 e3 45. h4 exf2+ 46. Kxf2 Be3+ 47. Ke1 Bf4 48. Kf2 Qe3+ 49. Kf1 Qf3+ 
50. Ke1 Qg3+ 51. Kf1 Qh3+ 52. Ke1 Qe3+ 53. Kf1 Qf3+ 54. Ke1 Qg3+ 55. Ke2 Qe3+ 
56. Kf1 1/2-1/2

[Event "Tuesday 24 April Rapid Engine Tour 12+1 Rounds 9 Starts 1600ST"]
[Site "Infinity Chess"]
[Date "2018.4.24"]
[Round "1"]
[White "OlivierEvan"]
[Black "Longin"]
[Result "1/2-1/2"]
[ECO "A06"]
[WhiteElo "2406"]
[BlackElo "2484"]
[WhiteEngine "Houdini 6"]
[BlackEngine "Raubfisch ME262_GTZ17b1_CTG"]
[EventType "Swiss"]
[WhiteTeam ""]
[BlackTeam ""]
[PlyCount "102"]
[TimeControl "720+1"]

1. Nf3 d5 2. b3 Bf5 3. Bb2 Nf6 4. c4 e6 5. e3 c6 6. Be2 h6 7. O-O Nbd7 8. d4 Be7 
9. Bd3 O-O 10. Qc2 Bxd3 11. Qxd3 Ne4 12. Nc3 Nxc3 13. Qxc3 a5 14. a4 Rc8 
15. Rac1 Qc7 16. Qc2 Rfd8 17. g3 b6 18. Rfd1 Qb8 19. Qe2 Qb7 20. e4 Rb8 
21. Nd2 Nf6 22. f3 Ne8 23. Kh1 Bb4 24. Nf1 Nd6 25. g4 dxc4 26. bxc4 b5 
27. axb5 cxb5 28. c5 Nc4 29. Ne3 Nxb2 30. Qxb2 Qe7 31. Kg2 Qg5 32. Qf2 a4 
33. f4 Qe7 34. e5 Ba3 35. Rc2 Qa7 36. g5 hxg5 37. fxg5 b4 38. Ra2 Qe7 
39. Qh4 Qb7+ 40. d5 b3 41. Rxa3 b2 42. c6 b1=Q 43. Rxb1 Qxb1 44. c7 Rb2+ 
45. Kh3 Rf8 46. d6 Rb4 47. Qg3 Qh7+ 48. Kg2 Qe4+ 49. Kh3 Qh7+ 50. Kg2 Qe4+ 
51. Kh3 Qh7+ 1/2-1/2

[Event "Tuesday 24 April Rapid Engine Tour 12+1 Rounds 9 Starts 1600ST"]
[Site "Infinity Chess"]
[Date "2018.4.24"]
[Round "1"]
[White "Harry_Potter"]
[Black "angriff"]
[Result "1-0"]
[ECO "C50"]
[WhiteElo "2491"]
[BlackElo "2408"]
[WhiteEngine "Stockfish_x64_bmi2_CTG"]
[BlackEngine "DracoREX 3.07 64BIT POPCNT_CTG"]
[EventType "Swiss"]
[WhiteTeam ""]
[BlackTeam ""]
[PlyCount "215"]
[TimeControl "720+1"]

1. e4 e5 2. Nf3 Nc6 3. Bc4 Bc5 4. O-O Nf6 5. d3 d6 6. c3 a5 7. Bg5 Ba7 
8. Nbd2 h6 9. Bh4 g5 10. Bg3 O-O 11. Bb3 Be6 12. a4 Qe7 13. Nc4 Qd7 14. Re1 Rae8 
15. Ne3 Bxb3 16. Qxb3 Bxe3 17. Rxe3 Kh7 18. Qd1 Ng4 19. Re1 f5 20. exf5 Qxf5 
21. Qb3 b6 22. Qc4 Qd7 23. Re2 Nf6 24. Rae1 Kg7 25. h4 g4 26. Nd2 Re7 
27. Nf1 Ref7 28. Ne3 Kh8 29. b3 Kg8 30. Nd5 Nxd5 31. Qxd5 Kh7 32. Qe4+ Kh8 
33. d4 exd4 34. b4 dxc3 35. bxa5 bxa5 36. Qe3 Kh7 37. Qxc3 Rf6 38. Rc1 Nb4 
39. Qxc7 Qxc7 40. Rxc7+ Kg6 41. Rb7 R8f7 42. Rb5 Rf5 43. Re6+ R7f6 44. Rxd6 Rxd6 
45. Bxd6 Nd3 46. Bc7 Rxf2 47. h5+ Kf7 48. Rxa5 Ra2 49. Rd5 Nb2 50. Rd2 Ra1+ 
51. Kh2 Nxa4 52. Rd7+ Ke8 53. Rd8+ Kf7 54. Ra8 Rc1 55. Bf4 Rc4 56. Ra7+ Kg8 
57. Kg3 Nc3 58. Bxh6 Ne4+ 59. Kh4 Nd6 60. Ra6 g3+ 61. Kh3 Nf7 62. Kxg3 Rc5 
63. Rg6+ Kh7 64. Bf8 Rf5 65. Kh4 Rf1 66. Bg7 Kg8 67. g4 Rh1+ 68. Kg3 Rd1 
69. Kf3 Rd3+ 70. Kf4 Rd1 71. Kf5 Rf1+ 72. Ke6 Re1+ 73. Kd7 Kh7 74. Bc3 Re3 
75. Rg7+ Kh6 76. Rxf7 Rd3+ 77. Kc6 Rxc3+ 78. Kd5 Re3 79. Rf6+ Kh7 80. Re6 Rg3 
81. Rg6 Rb3 82. Ke5 Rb4 83. Kf5 Rb1 84. Re6 Rg1 85. h6 Rf1+ 86. Kg5 Ra1 
87. Re7+ Kg8 88. Kf6 Ra6+ 89. Re6 Ra8 90. g5 Rf8+ 91. Kg6 Rd8 92. Kf5 Rd1 
93. g6 Rf1+ 94. Kg4 Rg1+ 95. Kf4 Kf8 96. Ra6 Rf1+ 97. Kg3 Rh1 98. g7+ Kf7 
99. Ra8 Rg1+ 100. Kf3 Ke6 101. g8=Q+ Rxg8 102. Rxg8 Kd5 103. h7 Kc4 
104. h8=Q Kb4 105. Rc8 Kb3 106. Qc3+ Ka4 107. Qb2 Ka5 108. Ra8# 1-0

[Event "Tuesday 24 April Rapid Engine Tour 12+1 Rounds 9 Starts 1600ST"]
[Site "Infinity Chess"]
[Date "2018.4.24"]
[Round "1"]
[White "Vimtiroba"]
[Black "Murx"]
[Result "1/2-1/2"]
[ECO "C55"]
[WhiteElo "2419"]
[BlackElo "2512"]
[WhiteEngine "AsmFish A10_CTG"]
[BlackEngine "asmFishW_2018-04-07_popcnt"]
[EventType "Swiss"]
[WhiteTeam ""]
[BlackTeam ""]
[PlyCount "119"]
[TimeControl "720+1"]

1. e4 e5 2. Nf3 Nc6 3. Bc4 Nf6 4. d3 Bc5 5. O-O d6 6. c3 a5 7. Nbd2 O-O 8. h3 h6 
9. Re1 Bb6 10. Bb5 Ne7 11. d4 c6 12. Bd3 Ng6 13. Nf1 d5 14. exd5 e4 
15. Bxe4 Nxe4 16. Rxe4 Qxd5 17. Ng3 Bc7 18. Qe2 f6 19. c4 Qf7 20. Qf1 Be6 
21. b3 a4 22. Bd2 axb3 23. axb3 Rxa1 24. Qxa1 b5 25. Qe1 Bd7 26. cxb5 cxb5 
27. Re3 Bf4 28. Rc3 Bd6 29. Qb1 f5 30. Rc1 Ra8 31. Qd3 Qd5 32. b4 Ra4 
33. Ne2 Bxb4 34. Bxb4 Rxb4 35. Rc5 Qd6 36. h4 Ra4 37. Qd1 Kh7 38. Nc3 Rc4 
39. Nxb5 Bxb5 40. Rxb5 Nxh4 41. Rb1 Nxf3+ 42. Qxf3 Rxd4 43. Qxf5+ Qg6 
44. Qxg6+ Kxg6 45. Rb6+ Kf5 46. Rb5+ Ke4 47. g3 g6 48. Kg2 Rd3 49. f3+ Kd4 
50. Rb6 Rd2+ 51. Kh3 Ke3 52. f4 Kf3 53. Rxg6 Rd1 54. Kh2 Rd2+ 55. Kg1 h5 
56. f5 h4 57. gxh4 Rd4 58. Rc6 Rxh4 59. f6 Rh5 60. f7 1/2-1/2

[Event "Tuesday 24 April Rapid Engine Tour 12+1 Rounds 9 Starts 1600ST"]
[Site "Infinity Chess"]
[Date "2018.4.24"]
[Round "1"]
[White "Susanne"]
[Black "IronMan"]
[Result "1/2-1/2"]
[ECO "A22"]
[WhiteElo "2525"]
[BlackElo "2429"]
[WhiteEngine "asmFishW_IX_bmi2_CTG"]
[BlackEngine "Eman 170b23-EXP3"]
[EventType "Swiss"]
[WhiteTeam ""]
[BlackTeam ""]
[PlyCount "153"]
[TimeControl "720+1"]

1. c4 e5 2. Nc3 Nf6 3. Nf3 Nc6 4. g3 d5 5. cxd5 Nxd5 6. Bg2 Nb6 7. d3 Be7 
8. Be3 O-O 9. O-O Bg4 10. Rc1 Re8 11. a3 h6 12. Re1 Qd7 13. b4 a6 14. Qc2 Rab8 
15. Ne4 Nd5 16. Bc5 Bd8 17. Nfd2 Bh3 18. Bxh3 Qxh3 19. Qc4 Nb6 20. Bxb6 cxb6 
21. b5 axb5 22. Qxb5 Re7 23. a4 Nd4 24. Qb1 Nc6 25. Qa2 Rd7 26. Nf3 Be7 
27. Kh1 Qf5 28. Kg2 Bb4 29. Red1 Rbd8 30. Rb1 Re7 31. Qc4 Ba5 32. Rb5 Qd7 
33. h3 Qe8 34. g4 Kf8 35. Rc1 Na7 36. Rbb1 Nc6 37. Ng3 Nd4 38. Nxd4 Rxd4 
39. Qb5 Red7 40. Ne4 R7d5 41. Qb3 Qxa4 42. Rc8+ Ke7 43. Qb2 Rb4 44. Qc1 Rxe4 
45. dxe4 Qxe4+ 46. Kg1 Qxe2 47. Rc7+ Kf6 48. Rxb7 Rd6 49. Qa3 Rd1+ 
50. Rxd1 Qxd1+ 51. Kh2 Qd5 52. Kg1 Qd1+ 53. Kh2 Qd5 54. Qe7+ Kg6 55. Qc7 e4 
56. Qe7 Bc3 57. Rd7 Qe5+ 58. Kg2 Qf4 59. Qd6+ Qxd6 60. Rxd6+ Kg5 61. Rxb6 g6 
62. Rb5+ Kf4 63. Rb7 f5 64. gxf5 gxf5 65. Rb6 Kg5 66. Rc6 Bg7 67. f3 Bd4 
68. fxe4 fxe4 69. Rc4 Bf6 70. Rxe4 Bd8 71. Kg3 Bf6 72. Re8 Bc3 73. Kf3 Bb2 
74. Kg2 Bf6 75. Re4 Kg6 76. Kg1 Kg5 77. Re8 1/2-1/2

[Event "Tuesday Night Engine Tour 11rd Swiss 3m+2s Starts at 2200hrs ST"]
[Site "Infinity Chess"]
[Date "2018.4.10"]
[Round "8"]
[White "RonWeasley"]
[Black "TasicV"]
[Result "1/2-1/2"]
[ECO "D30"]
[WhiteElo "2525"]
[BlackElo "2432"]
[WhiteEngine "BrainFish 090218_CTG"]
[BlackEngine "SugaR.XPrO.1.4.64.POCNT_CTG"]
[EventType "Swiss"]
[WhiteTeam ""]
[BlackTeam ""]
[PlyCount "97"]
[TimeControl "180+2"]

1. d4 d5 2. c4 e6 3. Nf3 Nf6 4. Nc3 c6 5. Bg5 h6 6. Bxf6 Qxf6 7. e3 Nd7 
8. Be2 g6 9. O-O Bg7 10. e4 dxe4 11. Nxe4 Qf4 12. Qc2 f5 13. Ned2 c5 14. g3 Qd6 
15. Nh4 Kf7 16. d5 e5 17. Rae1 h5 18. Kg2 Nf6 19. b4 b6 20. bxc5 bxc5 
21. Ndf3 Nh7 22. Bd3 Rf8 23. Nxf5 gxf5 24. Bxf5 Bxf5 25. Qxf5+ Kg8 26. Qxh5 Rae8 
27. Qh4 Qg6 28. Qe4 Qxe4 29. Rxe4 Rxf3 30. Kxf3 Ng5+ 31. Ke3 Nxe4 32. Kxe4 Rb8 
33. d6 Kf7 34. Kd5 Rb2 35. Kxc5 Ke6 36. f4 Rd2 37. f5+ Kd7 38. Rb1 Bf8 
39. Rb7+ Ke8 40. f6 Bxd6+ 41. Kc6 e4 42. c5 Bf8 43. f7+ Kd8 44. Rxa7 Rxh2 
45. Rd7+ Kc8 46. Rc7+ Kd8 47. Rd7+ Kc8 48. Rc7+ Kd8 49. Rd7+ 1/2-1/2

[Event "Tuesday Night Engine Tour 11rd Swiss 3m+2s Starts at 2200hrs ST"]
[Site "Infinity Chess"]
[Date "2018.4.10"]
[Round "8"]
[White "Deep_Impact"]
[Black "Dovahkiin"]
[Result "1/2-1/2"]
[ECO "D31"]
[WhiteElo "2534"]
[BlackElo "2401"]
[WhiteEngine "asmFishW_2018-04-07_bmi2"]
[BlackEngine "Raubfisch ME262_GTZ16f_CTG"]
[EventType "Swiss"]
[WhiteTeam ""]
[BlackTeam ""]
[PlyCount "101"]
[TimeControl "180+2"]

1. d4 d5 2. c4 e6 3. Nc3 c6 4. e4 dxe4 5. Nxe4 Bb4+ 6. Bd2 Qxd4 7. Bxb4 Qxe4+ 
8. Be2 Na6 9. Ba5 b6 10. Qd6 Bd7 11. Bc3 f6 12. Nf3 Nh6 13. Rd1 Rd8 14. Qa3 Bc8 
15. Nd2 Qf4 16. Bh5+ Nf7 17. O-O c5 18. Qa4+ Ke7 19. Rfe1 Rhe8 20. Qc2 Bb7 
21. Qxh7 Rh8 22. Qg6 Rxh5 23. Qxh5 Rh8 24. Qg6 Qxh2+ 25. Kf1 Qh1+ 26. Ke2 Qxg2 
27. Qxg2 Bxg2 28. Rg1 Rh2 29. Nf1 Bxf1+ 30. Rdxf1 g5 31. Rh1 Rxh1 32. Rxh1 Nb4 
33. Bxb4 cxb4 34. f3 f5 35. b3 a6 36. Ra1 Ne5 37. Rh1 a5 38. Rd1 g4 
39. fxg4 Nxg4 40. Kf3 Nf6 41. Rc1 Ne4 42. Rh1 Nc3 43. Kf4 Nxa2 44. Ke5 Kd7 
45. Rd1+ Kc6 46. Kxe6 Nc3 47. Rd6+ Kc5 48. Rd5+ Kc6 49. Rd6+ Kc5 50. Rd5+ Kc6 
51. Rd6+ 1/2-1/2

[Event "Tuesday Night Engine Tour 11rd Swiss 3m+2s Starts at 2200hrs ST"]
[Site "Infinity Chess"]
[Date "2018.4.10"]
[Round "8"]
[White "MGR"]
[Black "Murx"]
[Result "1/2-1/2"]
[ECO "D31"]
[WhiteElo "2498"]
[BlackElo "2534"]
[WhiteEngine "Raubfisch X38"]
[BlackEngine "asmFishW_2018-04-07_popcnt"]
[EventType "Swiss"]
[WhiteTeam ""]
[BlackTeam ""]
[PlyCount "94"]
[TimeControl "180+2"]

1. d4 d5 2. c4 e6 3. Nc3 c6 4. Nf3 Nf6 5. Bg5 h6 6. Bxf6 Qxf6 7. e3 Nd7 
8. Be2 g6 9. O-O Bg7 10. e4 dxe4 11. Nxe4 Qf4 12. Qc2 f5 13. Nc3 Bxd4 14. g3 Qd6 
15. Rad1 e5 16. Rfe1 O-O 17. Bf1 Qf6 18. Nxd4 exd4 19. Ne2 Ne5 20. Nxd4 f4 
21. Bg2 Bd7 22. c5 Rae8 23. Re4 g5 24. Rde1 Rf7 25. h3 Rfe7 26. b4 Nf7 
27. g4 Rxe4 28. Rxe4 Rxe4 29. Qxe4 Kf8 30. Qd3 Ne5 31. Qh7 Nf7 32. Qd3 Ne5 
33. Qd1 h5 34. Nf3 Nxf3+ 35. Bxf3 hxg4 36. Qxd7 gxf3 37. Qc8+ Kf7 38. Qxb7+ Qe7 
39. Qxe7+ Kxe7 40. Kf1 Ke6 41. a3 Kd5 42. Ke1 Kc4 43. Kd2 a6 44. Kc2 Kd4 
45. Kd2 Kc4 46. Kc2 Kd4 47. Kd2 Kc4 1/2-1/2

[Event "Tuesday Night Engine Tour 11rd Swiss 3m+2s Starts at 2200hrs ST"]
[Site "Infinity Chess"]
[Date "2018.4.10"]
[Round "8"]
[White "gmmarolideus"]
[Black "MCDermont"]
[Result "0-1 "]
[ECO "C58"]
[WhiteElo "2222"]
[BlackElo "2567"]
[WhiteEngine "stockfish_9_x64_popcnt_CTG"]
[BlackEngine "BrainFish 090218"]
[EventType "Swiss"]
[WhiteTeam ""]
[BlackTeam ""]
[PlyCount "84"]
[TimeControl "180+2"]

1. e4 e5 2. Nf3 Nc6 3. Bc4 Nf6 4. Ng5 d5 5. exd5 Na5 6. Bb5+ c6 7. dxc6 bxc6 
8. Qf3 Be7 9. Bd3 O-O 10. Nc3 Rb8 11. O-O Rb4 12. Qd1 h6 13. a3 Rg4 14. Nge4 Nb3 
15. Nxf6+ Bxf6 16. Be2 Nxa1 17. Bxg4 Bxg4 18. Qxg4 Nxc2 19. d3 Bg5 20. Bxg5 Qxg5 
21. Qa4 Nd4 22. Qxa7 Qd2 23. Qb6 f5 24. a4 Kh7 25. Ra1 Rf6 26. Qc5 Rg6 27. g3 f4 
28. Qc4 Qxb2 29. Rb1 Qc2 30. Kg2 f3+ 31. Kf1 Ne2 32. Qb3 Qxc3 33. Qxc3 Nxc3 
34. Re1 Rd6 35. Re3 Nxa4 36. Rxf3 Nc5 37. Ke2 Kg6 38. h3 Rxd3 39. Rf8 Rd6 
40. Rc8 Ne6 41. Ra8 c5 42. Ra4 Rd4 0-1

[Event "Tuesday Night Engine Tour 11rd Swiss 3m+2s Starts at 2200hrs ST"]
[Site "Infinity Chess"]
[Date "2018.4.10"]
[Round "8"]
[White "Vimtiroba"]
[Black "Victorious"]
[Result "1/2-1/2"]
[ECO "A05"]
[WhiteElo "2496"]
[BlackElo "2569"]
[WhiteEngine "SF9 ''A10''_CTG"]
[BlackEngine "Cfish_x64_060418_LTO_popcnt"]
[EventType "Swiss"]
[WhiteTeam ""]
[BlackTeam ""]
[PlyCount "94"]
[TimeControl "180+2"]

1. Nf3 Nf6 2. d4 d5 3. e3 c5 4. c3 e6 5. Nbd2 b6 6. Bb5+ Nbd7 7. e4 dxe4 
8. Nxe4 Nxe4 9. Bc6 Rb8 10. Bxe4 Qc7 11. d5 Nf6 12. dxe6 Bxe6 13. Bd3 Bd6 
14. Bb5+ Ke7 15. Bg5 h6 16. Bh4 Kf8 17. O-O Rd8 18. Qe2 g5 19. Bg3 Kg7 
20. Ne5 a6 21. Bxa6 Rhe8 22. f4 gxf4 23. Bxf4 Nd5 24. Bg3 f6 25. c4 Bxe5 
26. cxd5 Bxg3 27. dxe6 Bxh2+ 28. Kh1 Rd4 29. Qh5 Bg3 30. Qxe8 Rh4+ 31. Kg1 Bh2+ 
32. Kh1 Be5+ 33. Kg1 Bd4+ 34. Rf2 Bxf2+ 35. Kf1 Rh1+ 36. Kxf2 Rxa1 37. Kf3 c4 
38. e7 Rf1+ 39. Ke2 Rf2+ 40. Kxf2 Qf4+ 41. Ke1 Qe3+ 42. Kd1 Qd4+ 43. Kc1 Qe3+ 
44. Kb1 Qe4+ 45. Kc1 Qe3+ 46. Kb1 Qe4+ 47. Kc1 Qe3+ 1/2-1/2

[Event "Tuesday Night Engine Tour 11rd Swiss 3m+2s Starts at 2200hrs ST"]
[Site "Infinity Chess"]
[Date "2018.4.10"]
[Round "7"]
[White "Murx"]
[Black "gmmarolideus"]
[Result "1-0"]
[ECO "A15"]
[WhiteElo "2530"]
[BlackElo "2241"]
[WhiteEngine "asmFishW_2018-04-07_popcnt"]
[BlackEngine "stockfish_9_x64_popcnt_CTG"]
[EventType "Swiss"]
[WhiteTeam ""]
[BlackTeam ""]
[PlyCount "149"]
[TimeControl "180+2"]

1. c4 Nf6 2. d4 e6 3. Nf3 d5 4. Nc3 dxc4 5. e4 Bb4 6. Bg5 c5 7. Bxc4 cxd4 
8. Nxd4 Bxc3+ 9. bxc3 Qa5 10. Bb5+ Nbd7 11. Bxf6 Qxc3+ 12. Kf1 gxf6 13. h4 a6 
14. Rh3 Qb4 15. Be2 O-O 16. Rb1 Qd6 17. Rd3 Qf4 18. Re3 Qd6 19. Qd2 Kh8 
20. Rg3 Rg8 21. Rxg8+ Kxg8 22. Rb3 Kf8 23. Rd3 Qb6 24. Rb3 Qd6 25. Rd3 Qb6 
26. Qh6+ Ke7 27. Rd1 Qc5 28. Nb3 Qb4 29. Qc1 Ke8 30. Nd2 b5 31. Qc6 Rb8 
32. Nb3 Qe7 33. Bh5 Qd8 34. Qxe6+ Qe7 35. Bxf7+ Kf8 36. Bg8 Ne5 37. Qxe7+ Kxe7 
38. Bxh7 Bg4 39. Rc1 Rh8 40. Rc7+ Nd7 41. Bf5 Bxf5 42. exf5 Rxh4 43. Ra7 Rc4 
44. Rxa6 Rf4 45. Ra5 Rxf5 46. Nd4 Rf4 47. Nxb5 Rb4 48. Nc3 Kf7 49. Ra7 Ke6 
50. Ra6+ Kf7 51. Rd6 Rb7 52. a4 Ra7 53. Nb5 Rb7 54. f4 Ke7 55. Rc6 Nf8 
56. Rc7+ Rxc7 57. Nxc7 Kd6 58. Ne8+ Ke7 59. Nxf6 Kxf6 60. a5 Kf5 61. a6 Ne6 
62. a7 Nc7 63. g3 Ke4 64. Ke2 Na8 65. Ke1 Nc7 66. Kd2 Kd5 67. g4 Kc6 68. g5 Kd5 
69. Kd3 Ke6 70. Ke4 Kd6 71. f5 Ke7 72. Ke3 Kd6 73. g6 Ke7 74. Kd3 Kf6 75. Kc4 
1-0

[Event "Tuesday Night Engine Tour 11rd Swiss 3m+2s Starts at 2200hrs ST"]
[Site "Infinity Chess"]
[Date "2018.4.10"]
[Round "7"]
[White "MGR"]
[Black "TasicV"]
[Result "1/2-1/2"]
[ECO "C53"]
[WhiteElo "2501"]
[BlackElo "2429"]
[WhiteEngine "Raubfisch X38"]
[BlackEngine "SugaR.XPrO.1.4.64.POCNT_CTG"]
[EventType "Swiss"]
[WhiteTeam ""]
[BlackTeam ""]
[PlyCount "162"]
[TimeControl "180+2"]

1. e4 e5 2. Nf3 Nc6 3. Bc4 Bc5 4. c3 Nf6 5. d3 d6 6. O-O O-O 7. Re1 a5 8. Bb3 h6 
9. h3 Ba7 10. Nbd2 b5 11. a4 b4 12. Bc4 Be6 13. Bb5 Ne7 14. d4 c6 15. Bd3 Ng6 
16. Nf1 Nh5 17. Bc2 Nhf4 18. Ng3 exd4 19. Nxd4 Qg5 20. Qf3 Bxd4 21. cxd4 Rfe8 
22. Be3 c5 23. h4 Qf6 24. Nf5 b3 25. Bb1 Bxf5 26. exf5 cxd4 27. fxg6 dxe3 
28. gxf7+ Qxf7 29. fxe3 Qc4 30. Bf5 Nd3 31. Red1 Ne5 32. Qg3 Ra7 33. Rxd6 Rf7 
34. Rf1 Ref8 35. Qxe5 Qxf1+ 36. Kxf1 Rxf5+ 37. Qxf5 Rxf5+ 38. Ke2 Rc5 
39. e4 Rc2+ 40. Rd2 Rc4 41. Kf3 Rxa4 42. Rd8+ Kf7 43. Rb8 Ra1 44. Rxb3 a4 
45. Rb7+ Kf6 46. Rb6+ Ke5 47. Rb5+ Kf6 48. Kf4 Rf1+ 49. Kg3 Re1 50. Rb4 Ke5 
51. Rxa4 Re3+ 52. Kg4 Rb3 53. g3 Rxb2 54. Ra7 Kf6 55. Ra6+ Ke5 56. Ra7 Kf6 
57. e5+ Kxe5 58. Rxg7 Kf6 59. Rc7 Rb5 60. h5 Rb1 61. Rc5 Rb4+ 62. Kf3 Rb1 
63. g4 Rf1+ 64. Kg2 Ra1 65. Kf2 Kg7 66. Kf3 Rf1+ 67. Ke3 Kf6 68. Ke4 Re1+ 
69. Kf4 Rf1+ 70. Kg3 Rg1+ 71. Kf3 Ra1 72. Rd5 Rb1 73. Rf5+ Kg7 74. Kf4 Ra1 
75. Rc5 Rf1+ 76. Ke3 Rg1 77. Kf3 Rf1+ 78. Kg2 Ra1 79. Rc8 Rb1 80. Rc6 Ra1 
81. Kg3 Rg1+ 1/2-1/2

[Event "Tuesday Night Engine Tour 11rd Swiss 3m+2s Starts at 2200hrs ST"]
[Site "Infinity Chess"]
[Date "2018.4.10"]
[Round "7"]
[White "star99"]
[Black "Deep_Impact"]
[Result "1/2-1/2"]
[ECO "D05"]
[WhiteElo "2483"]
[BlackElo "2536"]
[WhiteEngine "Cryptic Heroes 9.3B"]
[BlackEngine "asmFishW_2018-04-07_bmi2"]
[EventType "Swiss"]
[WhiteTeam ""]
[BlackTeam ""]
[PlyCount "100"]
[TimeControl "180+2"]

1. d4 d5 2. Nf3 Nf6 3. e3 e6 4. c4 c6 5. b3 c5 6. Bb2 cxd4 7. exd4 Bb4+ 
8. Nbd2 b6 9. a3 Be7 10. Bd3 Nbd7 11. O-O O-O 12. Re1 Bb7 13. Nb1 Rc8 
14. Nc3 Qc7 15. Qe2 Qf4 16. Rad1 dxc4 17. Bxc4 Rfe8 18. d5 exd5 19. Bxd5 Bxa3 
20. Bxb7 Rxe2 21. Nxe2 Qc7 22. Bxc8 Bxb2 23. Bxd7 Nxd7 24. Nf4 Qxf4 25. Rxd7 h6 
26. Rxa7 Qf5 27. h3 b5 28. Re8+ Kh7 29. Ree7 Qb1+ 30. Kh2 Bc3 31. Rxf7 Qxb3 
32. g4 b4 33. Kg2 Qc4 34. Rfc7 Qd5 35. Rd7 Qe4 36. Rab7 Qc2 37. Rb6 b3 
38. Rdb7 b2 39. g5 Kg8 40. Rb8+ Kf7 41. gxh6 Bf6 42. R8b7+ Kg8 43. hxg7 Qg6+ 
44. Kh2 Qf5 45. Kg2 Bxg7 46. Rb8+ Kh7 47. R8b7 Kh8 48. Rb8+ Kh7 49. R8b7 Kh8 
50. Rb8+ Kh7 1/2-1/2

[Event "Tuesday Night Engine Tour 11rd Swiss 3m+2s Starts at 2200hrs ST"]
[Site "Infinity Chess"]
[Date "2018.4.10"]
[Round "7"]
[White "MCDermont"]
[Black "RonWeasley"]
[Result "1/2-1/2"]
[ECO "C11"]
[WhiteElo "2569"]
[BlackElo "2523"]
[WhiteEngine "BrainFish 090218"]
[BlackEngine "BrainFish 090218_CTG"]
[EventType "Swiss"]
[WhiteTeam ""]
[BlackTeam ""]
[PlyCount "131"]
[TimeControl "180+2"]

1. e4 e6 2. d4 d5 3. Nc3 Nf6 4. e5 Nfd7 5. f4 c5 6. Nf3 Nc6 7. Be3 cxd4 
8. Nxd4 Qb6 9. Qd2 Qxb2 10. Rb1 Qa3 11. Bb5 Nxd4 12. Bxd4 a6 13. Bxd7+ Bxd7 
14. Rb3 Qe7 15. Rxb7 Rc8 16. O-O Qd8 17. f5 exf5 18. Qd3 Bc5 19. Bxc5 Rxc5 
20. Nxd5 Bc8 21. Re7+ Kf8 22. Qa3 Qa5 23. Qxa5 Rxa5 24. Rc7 Be6 25. Nf4 Rxe5 
26. Nxe6+ Rxe6 27. Rxf5 Re7 28. Rc8+ Re8 29. Rc7 Re7 30. Rc8+ Re8 31. Rfc5 Ke7 
32. R8c6 g6 33. Kf2 Ra8 34. Rc7+ Kf6 35. Rc3 Kg7 36. Rf3 Rhf8 37. Kg3 Rae8 
38. a4 Re2 39. h4 a5 40. Rf4 h6 41. Ra7 Re5 42. c4 Rc5 43. Rf3 Kg8 44. Rc3 Rb8 
45. Rf3 Rxc4 46. Rfxf7 Rb3+ 47. Kf2 Rb2+ 48. Kg1 Rg4 49. Rg7+ Kf8 50. Rgf7+ Ke8 
51. Rh7 Rgxg2+ 52. Kf1 Rbf2+ 53. Ke1 Re2+ 54. Kd1 Rd2+ 55. Ke1 Rge2+ 
56. Kf1 Rf2+ 57. Ke1 Rde2+ 58. Kd1 Rd2+ 59. Kc1 Rc2+ 60. Kd1 Rfd2+ 61. Ke1 Re2+ 
62. Kd1 Rcd2+ 63. Kc1 Rc2+ 64. Kd1 Rcd2+ 65. Kc1 Rc2+ 66. Kd1 1/2-1/2

[Event "Tuesday Night Engine Tour 11rd Swiss 3m+2s Starts at 2200hrs ST"]
[Site "Infinity Chess"]
[Date "2018.4.10"]
[Round "7"]
[White "Dovahkiin"]
[Black "Victorious"]
[Result "1/2-1/2"]
[ECO "C50"]
[WhiteElo "2394"]
[BlackElo "2576"]
[WhiteEngine "Raubfisch ME262_GTZ16f_CTG"]
[BlackEngine "Cfish_x64_060418_LTO_popcnt"]
[EventType "Swiss"]
[WhiteTeam ""]
[BlackTeam ""]
[PlyCount "146"]
[TimeControl "180+2"]

1. e4 e5 2. Nf3 Nc6 3. Bc4 Bc5 4. O-O Nf6 5. d3 d6 6. c3 a5 7. Re1 O-O 8. Bb3 h6 
9. h3 Re8 10. a4 Bb6 11. Bc4 Be6 12. Na3 Qd7 13. Bxe6 Qxe6 14. Nc4 Bc5 
15. Qb3 Qd7 16. Qb5 b6 17. Rb1 Rad8 18. Bd2 d5 19. exd5 Qxd5 20. b4 axb4 
21. cxb4 Bf8 22. Qxd5 Nxd5 23. b5 Ncb4 24. Rxe5 Nxd3 25. Rxe8 Rxe8 26. a5 bxa5 
27. Bxa5 Re4 28. Ne3 Nb6 29. Rd1 Nf4 30. Rd8 Ne6 31. Rb8 Nd7 32. Rc8 Kh7 
33. Bxc7 Rb4 34. Bg3 Rxb5 35. Rc6 Rb1+ 36. Kh2 Rb6 37. Rc2 Ndc5 38. Ne5 f6 
39. N5c4 Ra6 40. f3 Nd4 41. Rb2 Nce6 42. Nd5 h5 43. Bf2 Rc6 44. Bxd4 Nxd4 
45. Nce3 h4 46. f4 Bc5 47. Ra2 f5 48. Nc4 Rc8 49. Ne5 Ne6 50. Nd3 Bd6 
51. Ra6 Rd8 52. Ra5 Bb8 53. Kg1 g6 54. Kf2 Kh6 55. Kf1 Nc7 56. N3b4 Rd7 
57. Ke2 Nxd5 58. Nxd5 Rb7 59. Kd3 Rb2 60. Ra8 Bd6 61. Rd8 Bc5 62. Rh8+ Kg7 
63. Rc8 Bd6 64. Rd8 Ba3 65. Ra8 Bc5 66. Rc8 Bd6 67. Rc6 Bf8 68. Rc7+ Kh6 
69. Nf6 Bg7 70. Ng8+ Kh7 71. Nf6+ Kh6 72. Ng8+ Kh7 73. Nf6+ Kh6 1/2-1/2